 Dungeon Crawl Stone Soup version 0.15.1-3-g1b33baa (webtiles) character file.

28591 Kae the Unseen (level 13, -2/61 HPs)
             Began as a Spriggan Enchanter on Oct 2, 2014.
             Was a High Priest of Dithmenos.
             Slain by a death yak (23 damage)
             ... on Level 6 of the Lair of Beasts on Oct 4, 2014.
             The game lasted 00:43:57 (18735 turns).

Kae the Unseen (Spriggan Enchanter)                Turns: 18735, Time: 00:43:58

HP  -2/61        AC  5     Str  8      XL: 13   Next: 10%
MP   6/34        EV 25     Int 18      God: Dithmenos [*****.]
Gold 1059        SH  0     Dex 16      Spells:  3 memorised, 27 levels left

rFire  . . .     SeeInvis +     a - +2 dagger (drain)
rCold  . . .     Clarity  +     b - +2 robe
rNeg   . . .     rCorr    .     (shield restricted)
rPois  +         rRot     .     (helmet restricted)
rElec  .         Spirit   .     q - +0 cloak
SustAb .         Warding  .     (gloves unavailable)
rMut   .         Stasis   .     (boots unavailable)
Gourm  .                        A - amulet of clarity
MR     ++...                    G - +3 ring of slaying
                                o - ring of poison resistance

@: wreathed by umbra, very quick, very resistant to hostile enchantments,
uncannily stealthy
A: unfitting armour, see invisible, herbivore 3, speed 3, slow metabolism 2
a: Shadow Step, Shadow Form, Renounce Religion


You were on level 6 of the Lair of Beasts.
You worshipped Dithmenos.
Dithmenos was extremely pleased with you.
You were very hungry.

You visited 3 branches of the dungeon, and saw 17 of its levels.
You also visited: Sewer.

You collected 1059 gold pieces.

Inventory:

Hand weapons
 a - a +2 dagger of draining (weapon)
Armour
 b - a +2 robe (worn)
 q - a +0 cloak (worn)
Magical devices
 C - a wand of polymorph (10)
 H - a wand of slowing (8)
 N - a wand of enslavement (13)
 Q - a wand of slowing (14)
 T - a wand of polymorph (8)
 V - a wand of lightning (0)
Comestibles
 j - 9 bread rations
 F - 6 fruits
Scrolls
 k - 5 scrolls of blinking
 r - a scroll of enchant armour
 s - a scroll of enchant weapon
 t - a scroll of magic mapping
 w - 3 scrolls of fear
 y - 4 scrolls of teleportation
 R - a scroll of amnesia {unknown}
 U - a scroll of fog
 W - a scroll of identify
Jewellery
 d - an uncursed amulet of resist mutation
 n - an uncursed ring of teleportation
 o - a ring of poison resistance (left hand)
 p - an uncursed amulet of guardian spirit
 A - an amulet of clarity (around neck)
 G - a +3 ring of slaying (right hand)
 K - an uncursed ring of flight
 O - an uncursed ring of sustain abilities
Potions
 e - a potion of confusion {unknown}
 f - a potion of invisibility {unknown}
 h - 7 potions of curing
 i - 2 potions of haste {unknown}
 m - 2 potions of mutation
 u - 3 potions of magic
 v - 2 potions of flight
 z - 3 potions of brilliance
 B - a potion of cure mutation
 E - 3 potions of might
 I - 2 potions of cancellation
 J - a potion of porridge
 L - 3 potions of restore abilities
 P - a potion of berserk rage {unknown}
 S - 3 potions of heal wounds {unknown}
Books
 c - a book of Maledictions

   Spells                             Type                      Level
   *Corona                            Hexes                        1
   Sure Blade                         Hexes/Charms                 2
   *Ensorcelled Hibernation           Hexes/Ice                    2
   *Confuse                           Hexes                        3
   Dazzling Spray                     Conjuration/Hexes            3
   Enslavement                        Hexes                        4
 g - a book of the Earth

   Spells                             Type                      Level
   Leda's Liquefaction                Hexes/Earth                  4
   Bolt of Magma                      Conjuration/Fire/Earth       5
   Statue Form                        Transmutation/Earth          6
   Iron Shot                          Conjuration/Earth            6
   Shatter                            Earth                        9
 x - a book of Callings

   Spells                             Type                      Level
   Summon Small Mammal                Summoning                    1
   Call Imp                           Summoning                    2
   Call Canine Familiar               Summoning                    3
   Summon Guardian Golem              Hexes/Summoning              4
   Summon Lightning Spire             Summoning/Air                4
   Summon Ice Beast                   Ice/Summoning                4
 D - a book of Unlife

   Spells                             Type                      Level
   Recall                             Summoning/Translocation      3
   Animate Dead                       Necromancy                   4
   Control Undead                     Necromancy                   4
   Twisted Resurrection               Necromancy                   5
   Death Channel                      Necromancy                   6
   Simulacrum                         Ice/Necromancy               6
 M - a book of Ice

   Spells                             Type                      Level
   Metabolic Englaciation             Hexes/Ice                    5
   Ozocubu's Refrigeration            Ice                          6
   Bolt of Cold                       Conjuration/Ice              6
   Freezing Cloud                     Conjuration/Ice/Air          6
   Simulacrum                         Ice/Necromancy               6
Miscellaneous
 l - a crystal ball of energy


   Skills:
 + Level 3.7 Fighting
 * Level 13.4 Short Blades
 * Level 9.8 Dodging
 + Level 17.3 Stealth
 + Level 10.5 Spellcasting
 + Level 10.8 Hexes


You had 27 spell levels left.
You knew the following spells:

 Your Spells              Type           Power        Failure   Level  Hunger
a - Corona                Hex            #####..      1%          1    None
b - Ensorcelled Hibernat  Hex/Ice        ####..       1%          2    None
c - Confuse               Hex            #####...     1%          3    None


Dungeon Overview and Level Annotations

Branches:
Dungeon (10/15)            Temple (1/1) D:7             Orc (0/4) D:10
   Lair (6/8) D:10         Shoals (0/5) Lair:3       Spider (0/5) Lair:4
  Slime: Lair:6-8

Altars:
Ashenzari
Cheibriados
Dithmenos
Elyvilon
Fedhas
Kikubaaqudgha
Makhleb
Nemelex Xobeh
Okawaru
Qazlal
Sif Muna
Trog
Vehumet
Xom
Yredelemnul
Zin
The Shining One

Annotations:
D:8 exclusion: 2 oklob saplings


Innate Abilities, Weirdness & Mutations

You are tiny and cannot use many weapons and most armour.
You have supernaturally acute eyesight.
You are a herbivore.
You cover ground extremely quickly.
You need consume almost no food.


Message History

Aiming: Confuse
Press: ? - help, Shift-Dir - straight line, f/p - death yak
Aim: a death yak (umbra)
The death yak resists with almost no effort.
The death yak completely misses you.
Casting: Confuse
Confirm with . or Enter, or press ? or * to list all spells.
Aiming: Ensorcelled Hibernation
Press: ? - help, Shift-Dir - straight line, f/p - death yak
Aim: a death yak (umbra)
The death yak resists with almost no effort.
The death yak misses you.
Casting: Ensorcelled Hibernation
Confirm with . or Enter, or press ? or * to list all spells.
Aiming: Ensorcelled Hibernation
Press: ? - help, Shift-Dir - straight line, f/p - death yak
Aim: a death yak (umbra)
The death yak resists with almost no effort.
The death yak gores you!!
You die...

P######... P##.#......
P.P.........
............ ####
..........# ##...
.........# ##.#.## #.
.......PP# #..<..##...
.....>..P# ##..%........
........## #...@........
........# ##..Y........
.......##
###...........#
P......## #.#P.........#
#.....#.####...........#
.....#...#..............
#...#.#......#.........
#..#.##P...##.#.......
....###P....###.......


You could see a death yak.

Vanquished Creatures
  A hydra (Lair:6)
  Erica (Lair:5)
  The ghost of bernadottes the Fighter, a powerful FoAK of Lugonu (Lair:3)
  6 death yaks
  Nergalle (D:10)
  An unseen horror (D:9)
  A griffon (Lair:3)
  3 black mambas
  2 torpor snails (Lair:5)
  A queen ant (Lair:1)
  7 spiny frogs
  2 komodo dragons
  2 fire drakes (Lair:6)
  4 wandering mushrooms (D:8)
  A two-headed ogre (D:8)
  A troll (D:9)
  Prince Ribbit (D:7)
  The ghost of Thrillho the Spear-Bearer, an average MfGl (D:4)
  A snapping turtle (Lair:3)
  A basilisk (Lair:4)
  3 hippogriffs
  A hungry ghost (D:10)
  A deep elf mage (D:9)
  30 yaks
  Grum (D:10)
  3 wolves (D:10)
  A wyvern (Lair:5)
  5 soldier ants (Lair:1)
  Edmund (D:4)
  8 water moccasins
  A mottled dragon (Lair:6)
  7 porcupines
  3 ice beasts
  Purgy (Sewer)
  2 black bears
  2 orc warriors
  A manticore zombie (D:9)
  A phantom (D:5)
  3 ogres
  6 centaurs
  2 sky beasts
  A big kobold (D:9)
  12 crocodiles
  A wyvern zombie (D:7)
  An eye of draining (D:10)
  11 giant frogs
  An electric eel (Lair:2)
  A scorpion (Lair:3)
  A yak zombie (D:8)
  15 killer bees
  3 crimson imps
  2 goliath beetles
  5 hounds
  A soldier ant zombie (D:10)
  7 orc priests
  7 iguanas
  5 jellies
  7 orc wizards
  12 sheep
  13 worker ants
  Ijyb (D:2)
  An ogre skeleton (D:7)
  Terence (D:3)
  A mummy (D:10)
  A worker ant zombie (D:6)
  3 hound skeletons
  5 gnolls
  18 adders
  21 green rats
  An orc zombie (D:6)
  3 giant mites
  7 worms
  A shadow imp (D:10)
  An iguana skeleton (D:7)
  An iguana zombie (D:7)
  An orc skeleton (D:10)
  6 giant geckos
  40 orcs
  3 ball pythons
  A bat skeleton (D:3)
  13 goblins
  11 hobgoblins
  An ooze (D:1)
  11 quokkas
  16 bats
  7 giant cockroaches
  11 giant newts
  4 jackals
  A jackal skeleton (D:4)
  15 kobolds
  13 rats
448 creatures vanquished.

Vanquished Creatures (others)
  A bush (D:10)
  A fungus (D:10)
  2 plants
4 creatures vanquished.

Grand Total: 452 creatures vanquished

Notes
Turn   | Place    | Note
--------------------------------------------------------------
     0 | D:1      | Kae, the Spriggan Enchanter, began the quest for the Orb.
     0 | D:1      | Reached XP level 1. HP: 9/9 MP: 4/4
   165 | D:1      | Reached skill level 5 in Stealth
   165 | D:1      | Reached XP level 2. HP: 13/13 MP: 7/7
   169 | D:1      | Learned a level 2 spell: Ensorcelled Hibernation
   902 | D:2      | Reached XP level 3. HP: 12/16 MP: 11/11
  1465 | D:2      | Reached skill level 6 in Stealth
  1800 | D:2      | Reached XP level 4. HP: 21/21 MP: 10/13
  2101 | D:2      | Noticed Ijyb
  2106 | D:2      | Killed Ijyb
  2505 | D:3      | Noticed Terence
  2517 | D:3      | Killed Terence
  2805 | D:3      | Reached XP level 5. HP: 13/24 MP: 5/16
  2810 | D:3      | Reached skill level 7 in Stealth
  2900 | D:3      | Upgraded the game from 0.15.1-2-g8fbdab7 to 0.15.1-3-g1b33baa
  3363 | D:4      | Noticed Thrillho's ghost (average MfGl)
  3419 | D:4      | Learned a level 3 spell: Confuse
  3524 | D:4      | Found a glowing drain.
  3525 | D:4      | Reached XP level 6. HP: 28/28 MP: 16/19
  3580 | Sewer    | Entered a sewer
  3659 | Sewer    | Noticed Purgy
  3682 | Sewer    | Killed Purgy
  4513 | D:4      | Reached skill level 8 in Stealth
  4791 | D:4      | HP: 1/28 [Thrillho's ghost (10)]
  5104 | D:4      | Killed Thrillho's ghost
  5104 | D:4      | Reached skill level 5 in Hexes
  5104 | D:4      | Reached XP level 7. HP: 28/32 MP: 15/21
  5125 | D:4      | Noticed Edmund
  5133 | D:4      | Killed Edmund
  5133 | D:4      | Reached skill level 5 in Short Blades
  5133 | D:4      | Reached skill level 9 in Stealth
  5475 | D:5      | Entered Level 5 of the Dungeon
  5551 | D:5      | Found a sparkling altar of Nemelex Xobeh.
  5734 | D:5      | Reached skill level 5 in Spellcasting
  6360 | D:6      | Reached XP level 8. HP: 32/36 MP: 14/24
  6401 | D:6      | Found an ancient bone altar of Kikubaaqudgha.
  6478 | D:6      | Reached skill level 10 in Stealth
  7499 | D:7      | Reached skill level 11 in Stealth
  7708 | D:7      | Noticed Prince Ribbit
  7969 | D:6      | Found a white marble altar of Elyvilon.
  8170 | D:7      | Found a staircase to the Ecumenical Temple.
  8179 | Temple   | Entered the Ecumenical Temple
  8238 | Temple   | Became a worshipper of Dithmenos the Shadowed
  8305 | D:7      | Found a shattered altar of Ashenzari.
  8357 | D:7      | Killed Prince Ribbit
  8357 | D:7      | Reached XP level 9. HP: 34/39 MP: 20/27
  8497 | D:7      | Found an iron altar of Okawaru.
  8634 | D:8      | Reached skill level 12 in Stealth
  9247 | D:8      | Reached skill level 13 in Stealth
  9256 | D:8      | Found a blossoming altar of Fedhas.
  9261 | D:8      | Reached XP level 10. HP: 44/44 MP: 27/29
  9699 | D:9      | Reached skill level 14 in Stealth
 10578 | D:9      | Found a glowing silver altar of Zin.
 10578 | D:9      | Noticed an angel
 10741 | D:10     | Entered Level 10 of the Dungeon
 10741 | D:10     | Found a staircase to the Orcish Mines.
 10743 | D:10     | Noticed an unseen horror
 10755 | D:9      | Killed an unseen horror
 10755 | D:9      | Reached skill level 10 in Short Blades
 10856 | D:9      | Acquired Dithmenos' first power
 11466 | D:10     | Reached skill level 15 in Stealth
 11521 | D:10     | Noticed Nergalle
 11527 | D:10     | Killed Nergalle
 11550 | D:10     | Noticed Grum
 11568 | D:10     | Reached XP level 11. HP: 44/47 MP: 21/31
 11754 | D:10     | Killed Grum
 11950 | D:10     | Acquired Dithmenos' second power
 12046 | D:10     | Found a staircase to the Lair.
 12918 | D:10     | Reached skill level 16 in Stealth
 12962 | Lair:1   | Entered Level 1 of the Lair of Beasts
 13160 | Lair:1   | Acquired Dithmenos' third power
 14346 | Lair:2   | Found an ancient bone altar of Kikubaaqudgha.
 14670 | Lair:3   | Reached skill level 1 in Fighting
 14778 | Lair:3   | Reached skill level 5 in Dodging
 14819 | Lair:3   | Noticed bernadottes' ghost (powerful FoAK)
 15042 | Lair:3   | Killed bernadottes' ghost
 15042 | Lair:3   | Reached skill level 10 in Hexes
 15042 | Lair:3   | Reached XP level 12. HP: 54/54 MP: 24/32
 15122 | Lair:3   | Found a staircase to the Shoals.
 15779 | Lair:4   | Found a hole to the Spider Nest.
 16810 | Lair:5   | Acquired Dithmenos' fourth power
 16920 | Lair:5   | Reached skill level 10 in Spellcasting
 17286 | Lair:5   | Noticed Erica
 17289 | Lair:5   | Killed Erica
 17697 | Lair:6   | Reached skill level 17 in Stealth
 18004 | Lair:6   | Noticed a four-headed hydra
 18011 | Lair:6   | Killed a four-headed hydra
 18405 | Lair:5   | Reached XP level 13. HP: 23/60 MP: 0/34
 18735 | Lair:6   | Slain by a death yak

Action                   |  1- 3 |  4- 6 |  7- 9 | 10-12 | 13-15 || total
-------------------------+-------+-------+-------+-------+-------++-------
Melee: Dagger            |    66 |   148 |   284 |   429 |     4 ||   931
 Cast: Ensorcelled Hiber |    18 |    49 |    75 |   272 |     8 ||   422
       Confuse           |       |    11 |    12 |     6 |     5 ||    34
Invok: Shadow Step       |       |       |       |     2 |       ||     2
Evoke: Wand              |       |       |     2 |     4 |       ||     6
  Use: Potion            |       |     1 |       |     1 |       ||     2
       Scroll            |       |       |    15 |    10 |       ||    25
 Stab: Sleeping          |    18 |    45 |    70 |   212 |     4 ||   349
       Distracted        |       |     1 |     4 |     4 |       ||     9
       Confused          |       |     2 |     5 |     5 |       ||    12
  Eat: Pizza             |       |       |     2 |     3 |       ||     5
       Fruit             |       |       |       |     3 |       ||     3
